Map: Lightshade LE

Players

RazerBlader - Winner!

  • Race: Terran Terran
  • League: Master
  • Spawn Location: 11:00

MèoMáiKà (MeomaikA)

  • Race: Zerg Zerg
  • League: Grandmaster
  • Spawn Location: 5:00

Event: DreamHack SC2 Masters 2020 Winter

VOD

Have the link to the VOD?

Description

Time

  • Played on: Oct. 22, 2020, 7:17 a.m.
  • Length: 15:25

All games in this series

Show
View Real Time Build Order
Export as new Build Order

RazerBlader Terran - Winner!

Build Orders: Reaper Expand 

Get SALT Encoding   

  12  0:00  SCV  
  13  0:12  SCV  
  14  0:17  Supply Depot  
  14  0:24  SCV  
  15  0:39  SCV, Barracks  
  16  0:44  Refinery  
  16  0:51  SCV  
  17  1:03  SCV  
  18  1:15  SCV  
  19  1:27  Orbital Command  
  19  1:28  Reaper  
  20  1:41  Command Center  
  20  1:49  Supply Depot  
  20  1:53  SCV  
  21  2:00  Marine  
  22  2:05  SCV  
  23  2:10  Factory  
  23  2:17  SCV, Bunker  
  24  2:24  Refinery  
  24  2:28  Barracks Reactor  
  24  2:29  SCV  
  25  2:41  SCV  
  26  2:54  SCV, Orbital Command  
  26  2:57  Starport  
  27  3:06  SCV  
  27  3:10  Hellion x2  
  32  3:13  Marine  
  32  3:19  SCV  
  34  3:22  Supply Depot  
  34  3:23  SCV  
  35  3:32  SCV  
  35  3:33  Viking, Marine  
  39  3:36  Hellion x2  
  39  3:41  SCV  
  44  3:43  Supply Depot  
  44  3:45  SCV  
  45  3:52  Marine  
  45  3:53  SCV  
  47  3:57  Armory  
  47  3:58  Hellion  
  47  4:01  Hellion  
  51  4:03  SCV  
  51  4:05  SCV  
  53  4:15  SCV, Medivac  
  53  4:16  Marine  
  57  4:20  Supply Depot  
  57  4:28  Hellion x2  
  57  4:29  SCV  
  57  4:30  SCV  
  61  4:33  Marine  
  62  4:42  SCV  
  62  4:44  Command Center  
  63  4:47  Liberator  
  63  4:52  Hellion  
  68  4:53  Barracks Tech Lab  
  68  4:59  Hellion  
  70  5:03  Supply Depot  
  70  5:06  SCV x2  
  72  5:16  Hellion  
  72  5:18  SCV  
  72  5:21  Hellion  
  77  5:27  SCV  
  78  5:30  SCV, Engineering Bay  
  79  5:35  Starport Reactor  
  79  5:36  Stimpack, Marine  
  79  5:39  SCV  
  83  5:44  SCV  
  78  5:50  Barracks  
  78  5:51  SCV  
  78  5:52  Barracks  
  78  5:54  Marine, Barracks  
  78  5:56  SCV  
  51  5:57  Orbital Command, Factory Tech Lab  
  66  6:06  SCV  
  66  6:10  Terran Infantry Weapons Level 1  
  66  6:11  Engineering Bay  
  58  6:12  Marine  
  58  6:14  Refinery  
  57  6:19  Siege Tank  
  60  6:25  Barracks  
  60  6:28  Starport Reactor  
  60  6:30  Marine  
  61  6:36  Refinery  
  58  6:42  Marine x2  
  58  6:46  Barracks Reactor  
  60  6:47  Barracks Reactor, Marine  
  60  6:51  Siege Tank  
  60  6:53  Terran Infantry Armor Level 1  
  65  6:54  SCV  
  65  6:56  Orbital Command  
  65  7:00  Marine x2  
  65  7:03  Supply Depot x2  
  65  7:05  Medivac, Marine  
  68  7:10  Medivac  
  68  7:12  Supply Depot  
  68  7:13  Marine x2  
  72  7:16  SCV x2  
  72  7:18  Marine x2  
  76  7:23  Marine, Siege Tank  
  76  7:24  SCV  
  76  7:25  Marine x2  
  76  7:26  Marine x2  
  85  7:31  Marine x2  
  85  7:36  Marine x2  
  88  7:40  Medivac x2  
  88  7:41  SCV, Marine  
  88  7:43  Marine x2  
  96  7:44  Marine x2  
  96  7:45  SCV, Barracks  
  96  7:46  Barracks  
  96  7:48  Barracks  
  96  7:49  Supply Depot  
  99  7:51  Marine  
  99  7:52  Marine  
  99  7:53  Marine  
  99  7:55  Marine  
  103  7:59  Marine  
  103  8:01  Marine  
  103  8:04  Marine x2  
  103  8:05  Refinery  
  107  8:07  Supply Depot  
  107  8:08  Marine  
  107  8:09  Marine x2  
  107  8:11  Terran Infantry Weapons Level 2  
  110  8:22  Marine x2  
  110  8:26  Marine x5  
  106  8:27  Marine  
  106  8:28  Marine  
  106  8:29  Medivac  
  106  8:32  Siege Tank  
  106  8:33  Barracks Reactor  
  113  8:34  Barracks Reactor  
  113  8:36  Barracks Reactor  
  113  8:40  Marine x2  
  115  8:44  Medivac, Marine x2  
  115  8:47  Marine x2  
  115  8:48  Marine  
  122  8:54  Marine x2  
  124  8:57  Terran Infantry Armor Level 2  
  124  8:59  Marine x2  
  126  9:03  Marine x2  
  126  9:04  Combat Shield  
  126  9:06  Marine  
  126  9:07  Marine  
  122  9:13  Siege Tank  
  125  9:18  Marine x2  
  125  9:26  Marine  
  125  9:28  Marine  
  111  9:33  Marine x2  
  111  9:34  Marine  
  111  9:35  Marine x3  
  117  9:40  Marine  
  117  9:42  Marine  
  117  9:43  Marine x2  
  117  9:45  SCV, Command Center  
  122  9:47  Marine x2  
  122  9:52  Marine x3  
  120  9:59  Siege Tank  
  121  10:00  Marine  
  121  10:02  Medivac  
  121  10:05  Medivac  
  126  10:07  Marine x2  
  126  10:12  Marine x2  
  122  10:16  Marine  
  122  10:19  Marine x2  
  122  10:20  Marine  
  122  10:21  Marine  
  105  10:23  Marine  
  105  10:26  Marine x3  
  95  10:29  SCV  
  95  10:31  Siege Tank  
  95  10:34  Terran Infantry Weapons Level 3  
  98  10:36  Medivac  
  98  10:37  Marine  
  98  10:38  Marine  
  98  10:39  Marine  
  98  10:40  Medivac  
  98  10:41  Marine  
  106  10:44  Marine x2  
  106  10:45  Marine  
  106  10:48  Marine x5  
  114  10:55  Marine  
  109  10:57  Marine  
  109  10:59  Marine x2  
  109  11:01  SCV x2, Marine  
  109  11:02  SCV  
  109  11:03  Marine x2, Siege Tank  
  109  11:04  Marine x3  
  120  11:06  Marine  
  120  11:07  Marine  
  120  11:09  Marine x3  
  127  11:13  Marine  
  127  11:15  Marine  
  127  11:16  Factory  
  127  11:17  Marine x2  
  131  11:19  SCV  
  131  11:20  Marine  
  131  11:21  Marine  
  131  11:22  Terran Vehicle Weapons Level 1  
  131  11:24  Supply Depot  
  134  11:29  Marine  
  134  11:30  Marine x3  
  138  11:33  Marine x2  
  138  11:35  Siege Tank  
  138  11:36  Marine x3  
  134  11:40  Marine  
  134  11:41  Marine x2  
  134  11:42  Marine  
  134  11:44  Medivac  
  134  11:47  Marine x4  
  142  11:51  Planetary Fortress  
  142  11:52  SCV x3  
  147  11:54  Marine  
  147  11:55  Marine  
  147  11:56  Marine  
  147  11:58  Marine  
  151  12:01  Factory Tech Lab  
  151  12:05  Marine  
  150  12:10  Marine x2  
  150  12:11  Medivac  
  150  12:14  Medivac, Marine  
  150  12:15  Marine x3  
  156  12:16  Marine x2  
  156  12:19  Marine  
  156  12:20  Marine  
  156  12:21  Marine  
  154  12:23  Siege Tank  
  154  12:24  Marine  
  143  12:30  Marine x2  
  143  12:32  Marine  
  143  12:35  Marine  
  115  12:38  Marine, Siege Tank  
  115  12:41  Medivac, Marine x3  
  115  12:42  Marine x4  
  115  12:44  Marine x2  
  124  12:47  Marine  
  124  12:48  Marine x2  
  124  12:50  Marine  
  130  12:53  Marine  
  130  12:55  Siege Tank  
  130  12:56  Marine  
  135  12:58  Medivac  
  135  12:59  Marine x2  
  132  13:06  Marine x3  
  132  13:07  Marine x5  
  132  13:09  Marine x3  
  132  13:10  Siege Tank  
  132  13:11  Marine  
  122  13:14  Marine  
  122  13:17  Marine x2  
  125  13:24  Marine x5  
  125  13:25  Marine x2  
  125  13:26  Marine  
  132  13:30  SCV  
  132  13:31  Marine x2  
  132  13:32  Supply Depot  
  132  13:35  Marine  
  132  13:37  Marine  
  132  13:40  Supply Depot, Marine x2  
  132  13:41  Medivac, Siege Tank  
  139  13:44  Supply Depot, Marine  
  140  13:53  Supply Depot  
  140  13:54  Marine x6  
  140  13:55  Marine  
  147  13:57  Siege Tank  
  147  13:59  Marine  
  147  14:00  Command Center, Marine x2  
  147  14:02  Marine  
  148  14:10  Marine  
  148  14:13  Marine x2, Siege Tank  
  148  14:15  Marine  
  140  14:17  Marine x2  
  140  14:23  Marine x2  
  142  14:28  Marine  
  142  14:29  Marine, Siege Tank  
  147  14:32  Marine  
  147  14:42  Marine  
  147  14:45  Siege Tank  
  151  14:48  Marine  
  151  14:52  Marine  
  152  14:56  Marine x2  
  152  14:57  Marine x4  
  152  14:58  Marine x3  
  156  15:03  Command Center  
  156  15:05  Marine  
  147  15:07  Marine  
Show
View Real Time Build Order
Export as new Build Order

MèoMáiKà Zerg 

Build Orders: Pool First 

Get SALT Encoding   

  12  0:00  Drone  
  13  0:08  Drone  
  14  0:16  Overlord  
  14  0:23  Extractor  
  14  0:24  Drone  
  15  0:34  Drone x2  
  17  0:43  Spawning Pool  
  17  0:46  Drone  
  17  1:08  Hatchery  
  17  1:10  Drone  
  17  1:11  Extractor  
  17  1:14  Drone  
  17  1:18  Drone  
  18  1:30  Zergling x2, Queen  
  21  1:37  Drone  
  22  1:48  Overlord  
  22  2:06  Queen  
  22  2:07  Drone  
  25  2:09  Drone  
  25  2:11  Metabolic Boost  
  26  2:20  Drone x2  
  28  2:30  Drone x2  
  30  2:39  Drone x2  
  30  2:44  Hatchery  
  31  2:46  Drone  
  31  2:49  Overlord  
  32  2:52  Drone  
  32  2:56  Drone  
  32  2:57  Drone  
  35  3:02  Evolution Chamber  
  35  3:05  Drone  
  35  3:06  Drone  
  35  3:11  Drone x2  
  38  3:13  Drone  
  38  3:15  Drone  
  38  3:17  Drone  
  41  3:21  Overlord  
  41  3:23  Drone  
  42  3:28  Zerg Melee Weapons Level 1  
  42  3:32  Lair  
  42  3:36  Zergling x4  
  44  3:43  Zergling x8, Extractor  
  44  3:45  Drone  
  44  3:47  Drone  
  49  3:49  Drone  
  49  3:50  Drone  
  51  3:56  Queen  
  51  3:58  Drone  
  51  4:02  Drone  
  55  4:03  Drone  
  55  4:05  Drone x2  
  58  4:11  Overlord  
  58  4:13  Overlord  
  58  4:17  Overlord x2  
  58  4:18  Extractor  
  57  4:27  Overlord  
  57  4:29  Overlord  
  57  4:32  Zergling x6, Hydralisk Den  
  57  4:37  Zergling x2, Spine Crawler  
  59  4:42  Overlord  
  59  4:44  Queen  
  61  4:51  Drone x2  
  61  4:52  Drone  
  64  4:57  Spine Crawler  
  64  4:59  Spine Crawler  
  61  5:02  Hydralisk x2  
  61  5:06  Hydralisk  
  67  5:10  Hydralisk  
  67  5:11  Hydralisk  
  71  5:15  Hydralisk  
  71  5:21  Hydralisk  
  71  5:22  Hydralisk  
  74  5:30  Hydralisk x3  
  74  5:31  Zergling x4  
  74  5:32  Zergling x2  
  74  5:35  Zergling x4  
  83  5:37  Zergling x2  
  83  5:39  Zergling x2  
  84  5:43  Zergling x2  
  84  5:47  Zergling x2  
  84  5:48  Zergling x2  
  79  5:50  Zergling x2  
  79  5:54  Zergling x2  
  79  5:56  Zergling x2  
  73  6:01  Drone  
  68  6:06  Zergling x2  
  68  6:07  Zergling x2  
  64  6:11  Zergling x2  
  64  6:13  Zerg Missile Weapons Level 1  
  64  6:14  Queen  
  64  6:15  Queen, Drone  
  64  6:16  Queen  
  69  6:23  Muscular Augments  
  69  6:24  Drone  
  70  6:28  Drone  
  70  6:30  Drone x2  
  73  6:35  Drone  
  73  6:39  Drone x2  
  76  6:43  Drone  
  74  6:50  Drone x2  
  74  6:55  Drone  
  74  6:58  Drone  
  74  7:00  Drone  
  77  7:01  Infestation Pit  
  77  7:04  Drone  
  77  7:08  Queen  
  79  7:09  Queen  
  79  7:10  Drone x2  
  84  7:15  Drone  
  84  7:20  Hydralisk  
  86  7:24  Hatchery, Drone  
  85  7:31  Drone  
  85  7:32  Drone  
  85  7:34  Grooved Spines, Drone x2  
  85  7:35  Drone  
  90  7:38  Drone  
  90  7:40  Drone x2  
  90  7:42  Drone x2  
  90  7:43  Drone x3  
  95  7:45  Infestor  
  95  7:47  Hive  
  95  7:51  Extractor  
  96  7:54  Drone  
  97  7:58  Overlord, Spore Crawler  
  97  8:04  Evolution Chamber  
  96  8:05  Drone x2  
  96  8:06  Overlord  
  96  8:09  Zerg Missile Weapons Level 2  
  96  8:10  Overlord  
  97  8:17  Hydralisk x2  
  97  8:19  Hydralisk x2  
  97  8:20  Zergling x6  
  97  8:21  Zergling x4  
  97  8:24  Zergling x4  
  108  8:28  Hydralisk  
  108  8:30  Drone  
  108  8:31  Drone  
  112  8:36  Zergling x2  
  112  8:37  Zergling x2  
  112  8:41  Hydralisk, Drone  
  115  8:44  Zerg Ground Armor Level 1  
  115  8:47  Extractor  
  116  8:49  Drone x4  
  116  8:50  Overlord  
  116  8:51  Overlord  
  116  8:53  Extractor  
  119  8:59  Drone  
  119  9:00  Hatchery, Drone  
  119  9:01  Overlord x2  
  119  9:02  Extractor  
  119  9:03  Zergling x2  
  119  9:06  Zergling x2  
  119  9:07  Zergling x4  
  117  9:13  Spore Crawler, Hydralisk x2, Drone  
  117  9:14  Zergling x2  
  117  9:15  Zergling x4  
  117  9:17  Zergling x2  
  125  9:18  Zergling x2  
  125  9:19  Zergling x2  
  125  9:21  Zergling x4  
  125  9:22  Zergling x2  
  125  9:24  Zergling x4  
  125  9:26  Zergling x4  
  125  9:29  Zergling x4  
  125  9:30  Zergling x2  
  125  9:35  Queen x2  
  125  9:37  Hydralisk  
  129  9:39  Hydralisk  
  129  9:40  Hydralisk  
  129  9:44  Hydralisk x2  
  137  9:45  Hydralisk  
  137  9:47  Zergling x2  
  137  9:48  Zergling x2  
  137  9:50  Zergling x4  
  137  9:52  Zergling x4  
  140  9:54  Zergling x2  
  140  9:56  Hydralisk  
  140  9:57  Zergling x2  
  144  10:03  Zergling x8  
  144  10:04  Zergling x4  
  149  10:09  Zergling x2  
  149  10:12  Zergling x2  
  149  10:13  Zergling x6  
  136  10:14  Zergling x2  
  136  10:15  Zergling x4, Drone  
  136  10:20  Hydralisk  
  112  10:23  Hydralisk  
  112  10:25  Hydralisk  
  112  10:26  Hydralisk  
  112  10:28  Zerg Missile Weapons Level 3  
  116  10:32  Hydralisk x3  
  116  10:33  Hydralisk  
  116  10:34  Hydralisk  
  126  10:36  Hydralisk  
  126  10:38  Hydralisk  
  126  10:42  Hydralisk  
  132  10:43  Hydralisk  
  132  10:46  Drone x3  
  132  10:48  Hydralisk  
  138  10:51  Hydralisk  
  138  10:53  Hydralisk  
  138  10:55  Hydralisk x2  
  136  10:58  Hydralisk  
  136  11:00  Hydralisk  
  136  11:03  Hydralisk x2  
  140  11:06  Zergling x4  
  140  11:10  Hydralisk x2  
  148  11:12  Zergling x2  
  149  11:20  Overlord x3  
  149  11:31  Zergling x2  
  149  11:32  Zergling x2  
  150  11:34  Zergling x4, Queen  
  150  11:35  Zergling x4  
  150  11:36  Zergling x2  
  150  11:37  Zergling x6  
  150  11:38  Hydralisk x3  
  150  11:39  Zergling x2  
  150  11:40  Hydralisk x2  
  150  11:41  Zergling x2  
  150  11:44  Zergling x4  
  150  11:45  Zergling x4  
  150  11:46  Zergling x2  
  160  11:47  Hydralisk  
  160  11:49  Zergling x2  
  160  11:53  Zergling x2  
  164  11:55  Zergling x2  
  164  11:56  Zergling x2  
  164  11:59  Hydralisk x2  
  170  12:04  Hydralisk  
  170  12:06  Zergling x2  
  170  12:07  Zergling x2  
  170  12:08  Zergling x6  
  173  12:10  Hydralisk x2  
  173  12:15  Zergling x2  
  164  12:17  Hydralisk x2  
  164  12:21  Zergling x6  
  164  12:22  Zergling x2  
  165  12:23  Zergling x2  
  165  12:24  Hydralisk  
  165  12:25  Zergling x4  
  158  12:30  Zergling x4  
  158  12:31  Hydralisk  
  158  12:32  Hydralisk  
  158  12:36  Zergling x4  
  151  12:37  Zergling x2  
  151  12:38  Zergling x2  
  153  12:45  Hydralisk  
  153  12:47  Hydralisk  
  153  12:48  Hatchery  
  153  12:51  Zergling x2  
  157  12:52  Zergling x4  
  159  13:00  Zergling x2  
  159  13:01  Zergling x2  
  159  13:02  Zergling x2  
  159  13:03  Zergling x8  
  159  13:04  Zergling x4  
  155  13:06  Hydralisk  
  155  13:08  Hydralisk  
  155  13:10  Hydralisk  
  155  13:12  Hydralisk  
  126  13:20  Hydralisk x3  
  126  13:23  Hydralisk x2  
  126  13:26  Infestor  
  133  13:30  Hydralisk x2  
  133  13:33  Hydralisk  
  134  13:34  Hydralisk  
  134  13:36  Hydralisk  
  134  13:38  Infestor  
  134  13:40  Hydralisk  
  141  13:50  Hydralisk x4  
  141  13:53  Hydralisk  
  141  13:54  Hydralisk  
  153  13:55  Hydralisk  
  155  14:03  Zergling x6  
  155  14:04  Zergling x4  
  155  14:07  Zergling x4  
  155  14:09  Zergling x4  
  158  14:11  Zergling x2  
  158  14:12  Zergling x6  
  158  14:15  Hydralisk x2  
  158  14:16  Hydralisk  
  117  14:18  Hydralisk  
  117  14:20  Zergling x4  
  117  14:21  Zergling x4  
  117  14:23  Hydralisk  
  113  14:26  Zergling x2  
  113  14:27  Hydralisk  
  108  14:31  Hydralisk  
  108  14:33  Hydralisk  
  108  14:36  Hydralisk  
  113  14:39  Hydralisk  
  113  14:42  Zergling x2  
  113  14:43  Zergling x2  
  113  14:44  Zergling x2  
  115  14:46  Hydralisk  
  116  14:53  Hydralisk x2  
  116  14:55  Hydralisk  
  116  14:59  Zergling x2  
  124  15:00  Zergling x2  
  124  15:01  Zergling x2  
  124  15:02  Zergling x2  
  124  15:03  Zergling x2  
  124  15:04  Zergling x2  
  124  15:06  Zergling x2  
Tags
 
Add a new tag
Caveats
  • Supply blocks, unpowered buildings, or Contaminate may cause inaccurate times.
  • Supply counts are checked every 10 seconds.